 Dungeon Crawl Stone Soup version 0.31-a0-150-g89dc3ad700 (webtiles) character file.

Game seed: 4302643968902810315

240 qw the Shooter (level 5, -2/44 (46) HPs)
             Began as a Minotaur Hunter on June 8, 2023.
             Slain by a black bear (5 damage)
             ... on level 6 of the Dungeon.
             The game lasted 00:01:02 (3498 turns).

qw the Shooter (Minotaur Hunter)                    Turns: 3498, Time: 00:01:02

HP:   -2/44 (46)    AC:  7    Str: 16      XL:     5   Next: 79%
MP:   4/4           EV: 11    Int:  6      God:
Gold: 188           SH:  0    Dex: 14 (15) Spells: 4/4 levels left

rFire   . . .        Y - +1 shortbow
rCold   . . .        (shield currently unavailable)
rNeg    . . .        b - +0 ring mail
rPois   .            (helmet restricted)
rElec   .            (no cloak)
rCorr   .            (no gloves)
SInv    .            h - +1 pair of boots
Will    .....        (no amulet)
Stlth   +            (no ring)
HPRegen 0.27/turn    (no ring)
MPRegen 0.09/turn

%: no passive effects
@: lightly drained
A: horns 2, retaliatory headbutt
a: no special abilities


You were on level 6 of the Dungeon.
You visited 1 branch of the dungeon, and saw 6 of its levels.

You collected 188 gold pieces.


Innate Abilities, Weirdness & Mutations

You have a pair of horns on your head.
You reflexively headbutt those who attack you in melee.


   Skills:
 - Level 4.0 Fighting
 + Level 7.1 Ranged Weapons
 - Level 1.0 Armour
 - Level 2.1 Dodging
 - Level 0.7 Stealth


You had 4 spell levels left.
You didn't know any spells.
Your spell library was empty.

Inventory:

Hand Weapons
 Y - a +1 shortbow (weapon)
Armour
 b - a +0 ring mail (worn)
 h - a +1 pair of boots (worn)
Potions
 a - a potion of brilliance {unknown}
 c - a potion of ambrosia {unknown}
 d - 2 potions of curing
 e - a potion of invisibility {unknown}

Dungeon Overview and Level Annotations

Branches:
Dungeon (7/15)
 Temple: D:4-7

Altars:
Ru
Trog

Annotations:
D:4 3 runed translucent doors, qw's ghost, amateur GrFi


Message History

You shoot an arrow. The arrow hits the black bear.
The black bear is moderately wounded.
You shoot an arrow.
The arrow closely misses the black bear.
A wight comes into view. It is wielding a +2 mace of freezing.
You shoot an arrow. The arrow barely misses the black bear.
A wight comes into view. It is wielding a +3 halberd.
You shoot an arrow.
The arrow hits the black bear but does no damage.
The black bear is moderately wounded.
The black bear bites you. The black bear claws you.
The black bear closely misses you.
You shoot an arrow.
The arrow closely misses the black bear.
The black bear bites you. The black bear claws you. x2
You shoot an arrow. The arrow hits the black bear.
The black bear is moderately wounded.
The gnoll hits you but does no damage. The black bear bites you.
The black bear claws you but does no damage.
The black bear claws you. The wight misses you.
You shoot an arrow. The arrow hits the black bear.
The black bear is severely wounded.
The gnoll barely misses you. You furiously retaliate!
You headbutt the gnoll! The black bear bites you.
The black bear barely misses you. The black bear closely misses you.
The wight hits you from afar with a +3 halberd!
You feel drained. The gnoll hits you but does no damage.
The black bear closely misses you. x2; The black bear misses you.
The wight closely misses you.
You shoot an arrow. The arrow hits the black bear.
The black bear is severely wounded.
The gnoll hits you but does no damage. The wight closely misses you. x2
The black bear goes berserk!
You shoot an arrow. The arrow hits the black bear.
The black bear is severely wounded.
The black bear barely misses you. You furiously retaliate!
You headbutt the black bear, but do no damage.
The black bear claws you but does no damage.
The black bear claws you.
You die...

.. ... ..
..##
##.#...###.
.....>....
#...)..#..
#.z.......
#.gz...#
#.@h...#
#......#
#......#
########


You could see a black bear (berserk), 2 wights and a gnoll.

Vanquished Creatures
  2 orc priests (D:4)
  An iguana (D:4)
  6 adders
  A shadow imp (D:3)
  An ufetubus (D:4)
  A worm (D:3)
  3 dart slugs
  9 orcs
  5 endoplasms
  2 giant cockroaches
  4 goblins
  8 hobgoblins
  8 kobolds
  5 ball pythons
  5 bats
  11 frilled lizards
  6 rats
78 creatures vanquished.

Notes
Turn   | Place    | Note
-------+----------+-------------------------------------------
     0 | D:1      | qw the Minotaur Hunter began the quest for the Orb.
     0 | D:1      | Reached XP level 1. HP: 18/18 MP: 0/0
     0 | D:1      | 0 ||| qw: Version: 0.2-a-120-gdf1a93b
     0 | D:1      | 0 ||| qw: Game counter: 3019
     0 | D:1      | 0 ||| qw: Always use a shield: true
     0 | D:1      | 0 ||| qw: God list: Okawaru
     0 | D:1      | 0 ||| qw: Allow faded altars: false
     0 | D:1      | 0 ||| qw: Do Orc after D:15 true
     0 | D:1      | 0 ||| qw: Do second Lair branch before Depths: true
     0 | D:1      | 0 ||| qw: Lair rune preference: random
     0 | D:1      | 0 ||| qw: Plans: Normal
     0 | D:1      | 0 ||| PLANNING D:1-11
   114 | D:1      | Reached XP level 2. HP: 25/25 MP: 1/1
   128 | D:1      | Reached skill level 5 in Ranged Weapons
   609 | D:1      | Reached skill level 3 in Fighting
   824 | D:1      | 824 ||| READING scroll labelled LOSUZY WUEC.
   825 | D:1      | 825 ||| READING scroll labelled GINIGU JETUEFO.
   826 | D:1      | 826 ||| DRINKING 3 metallic purple potions.
   827 | D:1      | 827 ||| DRINKING 2 pink potions.
   828 | D:1      | 828 ||| DROPPING scroll of butterflies.
   829 | D:1      | 829 ||| DROPPING potion of enlightenment.
   966 | D:2      | Reached XP level 3. HP: 31/31 MP: 2/2
  1760 | D:2      | 1760 ||| READING scroll labelled BACKUN VIBLE.
  1761 | D:2      | 1761 ||| DRINKING 3 fuming amethyst potions.
  1762 | D:2      | 1762 ||| DROPPING 2 potions of degeneration.
  1825 | D:3      | Reached XP level 4. HP: 38/38 MP: 3/3
  1837 | D:3      | Reached skill level 6 in Ranged Weapons
  1847 | D:3      | 1847 ||| FLEEEEING.
  1908 | D:3      | Found a faded altar of an unknown god.
  2369 | D:3      | Found a bloodstained altar of Trog.
  2369 | D:3      | Found a sacrificial altar of Ru.
  2516 | D:3      | 2516 ||| UPGRADING to +1 pair of boots.
  2521 | D:3      | 2521 ||| READING scroll labelled LATECH ULISHRAG.
  2524 | D:3      | 2524 ||| READING scroll labelled JUCLOE UCLAPSA.
  2525 | D:3      | 2525 ||| DRINKING 4 glowing black potions.
  2554 | D:3      | 2554 ||| DROPPING 3 potions of lignification.
  2647 | D:4      | Reached skill level 1 in Armour
  2670 | D:4      | 2670 ||| UPGRADING to +0 ring mail.
  2680 | D:4      | 2680 ||| Stepping ~*~*~tactically~*~*~ (water).
  2696 | D:4      | HP: 9/40 [iguana (9)]
  2698 | D:4      | Reached XP level 5. HP: 10/46 MP: 4/4
  2701 | D:4      | HP: 8/46 [frilled lizard (3)]
  2851 | D:4      | 2851 ||| DROPPING +0 leather armour.
  3254 | D:4      | Reached skill level 7 in Ranged Weapons
  3391 | D:4      | Found a runed translucent gate.
  3392 | D:4      | Noticed qw's ghost (amateur GrFi)
  3393 | D:4      | Found a runed translucent gate.
  3395 | D:4      | Found a runed translucent gate.
  3397 | D:4      | Identified the +8 mace "Yphiq" {vamp, Str+3}
  3466 | D:4      | You fall into a shaft and drop 3 floors!
  3481 | D:7      | 3481 ||| READING scroll labelled LITSIRR GUVYI.
  3488 | D:6      | Noticed a black bear
  3496 | D:6      | HP: 4/46 [wight/+3 halberd (17)]
  3498 | D:6      | Slain by a black bear

Levels and vault maps discovered:
D:1:      dpeg_arrival_shrine, layout_basic
D:2:      layout_basic, minmay_misc_feat_pillars
D:3:      layout_basic, gammafunk_temple_overflow_pools,
          chequers_ecumenical_altar_island
D:4:      layout_loops_corners, biasface_ghost_orc_armoury, serial_bayou_pond_c,
          minmay_lizard_king
D:6:      layout_rooms, amcnicky_altar_gilded
D:7:      layout_gridville, lemuel_doored_altar, tso_altar,
          uniq_crazy_yiuf_cottage

Skill      XL: |  1  2  3  4  5 |
---------------+----------------+-----
Ranged Weapons | 5 6 7 |  7.1
Fighting       | 3 4 |  4.0
Armour         | 1 |  1.0
Dodging        | |  2.1
Stealth        | |  0.7

Action                     |  1- 3 |  4- 6 || total
---------------------------+-------+-------++-------
   Fire: Shortbow          |    86 |   142 ||   228
    Use: Scroll            |     3 |     3 ||     6
         Potion            |     3 |     1 ||     4
 Armour: Leather armour    |     3 |     5 ||     8
         Ring mail         |       |    27 ||    27
  Dodge: Dodged            |    14 |    57 ||    71

Table legend:
 A = Non-vault XP
 B = Vault XP
 C = Vault XP percentage of total XP
 D = Non-vault monster count
 E = Vault monster count
 F = Vault count percentage of total count
                 A         B        C        D         E       F
            +---------+---------+-------+---------+---------+-------
      Total |     301 |      42 |  12.2 |      71 |       7 |   9.0
            +---------+---------+-------+---------+---------+-------
        D:1 |      32 |       0 |   0.0 |      20 |       0 |   0.0
        D:2 |      64 |       0 |   0.0 |      14 |       0 |   0.0
        D:3 |      62 |       0 |   0.0 |      21 |       0 |   0.0
        D:4 |     143 |      42 |  22.7 |      16 |       7 |  30.4
            +---------+---------+-------+---------+---------+-------
